 Dungeon Crawl Stone Soup version 0.27-a0-1217-g8a41f320e8 (webtiles) character file.

Game seed: 6978544855578468349

37 bande the Shield-Bearer (level 3, 0/24 HPs)
             Began as a Gargoyle Fighter on June 6, 2021.
             Slain by an adder (4 damage)
             ... on level 2 of the Dungeon.
             The game lasted 00:02:19 (1990 turns).

bande the Shield-Bearer (Gargoyle Fighter)          Turns: 1990, Time: 00:02:20

Health: 0/24       AC: 10    Str: 17 (19) XL:     3   Next: 39%
Magic:  3/3        EV:  7    Int:  6 (8)  God:
Gold:   47         SH:  8    Dex:  7 (10) Spells: 2/2 levels left

rFire    . . .     SeeInvis .   a - +0 war axe
rCold    . . .     Faith    .   c - +0 kite shield
rNeg     + . .     Spirit   .   b - +0 scale mail
rPois    ∞         Reflect  .   (no helmet)
rElec    +         Harm     .   (no cloak)
rCorr    .         Rampage  .   (no gloves)
Will     .....                  (no boots)
Stlth    ..........             (no amulet)
HPRegen  0.08/turn              (no ring)
MPRegen  0.08/turn              (no ring)

@: no status effects
A: sickness immunity, AC +3, negative energy resistance 1, electricity
resistance, torment resistance 1, petrification resistance
a: no special abilities


You were on level 2 of the Dungeon.
You visited 1 branch of the dungeon, and saw 3 of its levels.

You collected 47 gold pieces.

Inventory:

Hand Weapons
 a - a +0 war axe (weapon)
Armour
 b - a +0 scale mail (worn)
 c - a +0 kite shield (worn)
Scrolls
 e - 2 scrolls of amnesia {unknown}
 f - 3 scrolls of teleportation
 h - a scroll of fear {unknown}
 l - a scroll of holy word {unknown}
Potions
 d - 3 potions of might
 g - a potion of cancellation


   Skills:
 + Level 3.8 Fighting
 + Level 2.0 Axes
 + Level 3.6 Armour
 + Level 3.9 Shields


You had 2 spell levels left.
You didn't know any spells.
Your spell library was empty.

Dungeon Overview and Level Annotations

Branches:
Dungeon (3/15)

Altars:


Innate Abilities, Weirdness & Mutations

You are immune to sickness and miasma.
Your stone body is resilient. (AC +3)
You are immune to poison.
You resist negative energy. (rN+)
You are resistant to electric shocks. (rElec)
You are resistant to unholy torment.
You are immune to petrification.


Message History

You hit the iguana.
The iguana is heavily wounded.
You block the iguana's attack.
You hit the iguana but do no damage.
The iguana is heavily wounded.
You block the iguana's attack. The iguana bites you.
An adder comes into view.
You are too injured to fight recklessly!
You are too injured to fight recklessly!
You are too injured to fight recklessly!
You are too injured to fight recklessly!
You closely miss the iguana.
The iguana is heavily wounded.
The adder hisses angrily.
The iguana bites you.
You closely miss the iguana.
The iguana is heavily wounded.
You miss the adder.
The iguana bites you but does no damage.
The adder closely misses you.
The iguana bites you but does no damage.
The adder bites you but does no damage. The adder barely misses you.
There is a stone staircase leading up here.
The adder barely misses you. The iguana barely misses you.
You climb upwards.
There is a stone staircase leading down here.
You miss the adder. You hit the iguana. You block the adder's attack.
You block the iguana's attack. The adder barely misses you.
The iguana bites you.
* * * LOW HITPOINT WARNING * * *
You closely miss the adder. You closely miss the iguana.
The adder barely misses you. The adder closely misses you.
The iguana bites you.
* * * LOW HITPOINT WARNING * * *
The adder completely misses you.
You miss the adder. You hit the iguana but do no damage.
The iguana bites you but does no damage.
The adder bites you.
You die...

......##................#
.....###................# .....#
#######..........# .....#
#..........# .....# #..........#
.....#### ###..........########
.....'..# #...................#
.....#######.###l#####.........#
................@# #.........#
#.##.#######.###S# #.........#
#.##.###.....# #.# #.........#
.......#.#.#.####### #.........#
#.(......#.#.......# #.........#
#....#####.####....# #.........#
....## #.# #..#.# ###########
....######.####..#.####
....##........#.......#######


You could see an iguana and an adder.

Vanquished Creatures
  A dart slug (D:2)
  4 endoplasms
  A giant cockroach (D:1)
  2 goblins
  2 hobgoblins (D:1)
  7 jackals (D:2)
  2 kobolds
  A quokka (D:2)
  3 ball pythons
  2 bats
  4 frilled lizards
  2 rats
31 creatures vanquished.

Notes
Turn   | Place    | Note
-------+----------+-------------------------------------------
     0 | D:1      | bande the Gargoyle Fighter began the quest for the Orb.
     0 | D:1      | Reached XP level 1. HP: 14/14 MP: 1/1
   259 | D:1      | Reached XP level 2. HP: 18/19 MP: 2/2
   604 | D:1      | Found a faded altar of an unknown god.
  1175 | D:2      | Reached XP level 3. HP: 21/24 MP: 3/3
  1990 | D:2      | Slain by an adder

Illustrated notes

Levels and vault maps discovered:
D:1:      minmay_arrival_stair_chambers, layout_loops_corners,
          hellmonk_ecumenical_altar_crossroads, bh_walls_and_bars
D:2:      layout_basic
D:3:      layout_loops_ring, hangedman_ru_absence, serial_bayou_lagoon_b

Skill      XL: |  1  2  3 |
---------------+----------+-----
Axes           | 2 |  2.0
Fighting       | |  3.8
Armour         | |  3.6
Shields        | |  3.9

Action                   || total
-------------------------++-------
Melee: War axe           ||    96
  Use: Scroll            ||     2
       Potion            ||     3
Armor: Scale mail        ||    64
Dodge: Dodged            ||    32
Block: Kite shield       ||    52

Table legend: (Time is in decaauts)
 A = Elapsed time spent in this place.
 B = Non-inter-level travel time spent in this place.
 C = Inter-level travel time spent in this place.
 D = Time resting spent in this place.
 E = Time spent auto-exploring this place.
 F = Levels seen in this place.
 G = Mean time per level.
                   A        B        C        D        E       F      G
               +--------+--------+--------+--------+--------+-----+--------+
         Total |   2050 |   1886 |    164 |      0 |   1570 |   3 |  683.3 |
       Dungeon |   2050 |   1886 |    164 |      0 |   1570 |   3 |  683.3 |
               +--------+--------+--------+--------+--------+-----+--------+

Top non-repeatable levels by time:
     D:1: 1118 daAuts
     D:2: 916 daAuts
     D:3: 15 daAuts
